 Dungeon Crawl Stone Soup version 0.22-a0-815-gb582571 (webtiles) character file.

123 iamserjio the Conjurer (level 5, 0/28 HPs)
             Began as a Tengu Fire Elementalist on July 23, 2018.
             Succumbed to an adder's poison
             ... on level 3 of the Dungeon.
             The game lasted 00:06:48 (815 turns).

iamserjio the Conjurer (Tengu Fire Elementalist)     Turns: 815, Time: 00:06:49

Health: 0/28       AC:  2    Str:  8 (9)  XL:     5   Next: 7%
Magic:  0/10       EV: 12    Int: 15 (16) God:
Gold:   66         SH:  0    Dex: 11 (14) Spells: 9/10 levels left

rFire    . . .     SeeInvis .   l - +1 dagger (venom)
rCold    . . .     Gourm    .   (no shield)
rNeg     + . .     Faith    .   a - +0 robe
rPois    .         Spirit   .   (helmet restricted)
rElec    .         Reflect  .   (no cloak)
rCorr    .         Harm     .   (no gloves)
MR       .....                  (boots unavailable)
Stlth    ++........             (no amulet)
HPRegen  0.09/turn              d - ring of positive energy
MPRegen  0.12/turn              (no ring)

@: lethally poisoned (0 -> -8), very slightly contaminated
A: beak, talons 3, able to fly 1
a: Fly


You were on level 3 of the Dungeon.
You were not hungry.

You visited 1 branch of the dungeon, and saw 3 of its levels.

You collected 66 gold pieces.

Inventory:

Hand Weapons
 e - a +0 dagger
 l - a +1 dagger of venom (weapon)
 n - a +0 quarterstaff
Missiles
 g - 26 stones (quivered)
Armour
 a - a +0 robe (worn)
Jewellery
 d - a ring of positive energy (left hand)
Scrolls
 b - a scroll of amnesia {unknown}
 f - 2 scrolls of teleportation {unknown}
 h - a scroll of noise {unknown}
 k - 2 scrolls of remove curse {unknown}
 m - a scroll of identify {unknown}
 o - a scroll of magic mapping {unknown}
Comestibles
 c - 4 rations
 i - 5 chunks of flesh


   Skills:
 - Level 2.1 Dodging
 - Level 2.0 Stealth
 * Level 3.1 Spellcasting
 + Level 4.5 Conjurations
 + Level 3.8 Fire Magic


You had 9 spell levels left.
You knew the following spells:

 Your Spells              Type           Power        Failure   Level  Hunger
a - Flame Tongue          Conj/Fire      ###..        3%          1    #......

Your spell library contained the following spells:

 Spells                   Type           Power        Failure   Level  Hunger
 Fireball                 Conj/Fire      ###.......   67%         5    ######.
 Conjure Flame            Conj/Fire      ###.....     11%         3    ###....
 Throw Flame              Conj/Fire      ###...       5%          2    ##.....
 Sticky Flame             Conj/Fire      ###.....     34%         4    #####..
 Inner Flame              Hex/Fire       #.......     26%         3    ###....


Dungeon Overview and Level Annotations

Branches:
Dungeon (3/15)

Altars:
Gozag


Innate Abilities, Weirdness & Mutations

You have a beak for a mouth.
You have claws for feet.
You can fly.


Message History

The adder poisons you!
You hit the adder but do no damage.
The adder is poisoned.
Your kick misses the adder.
The adder is almost dead.
* * * LOW HITPOINT WARNING * * *
You feel sick.
You kill the adder!
You have reached level 5!
You have gained the ability to fly.
Okay, then.
* * * LOW HITPOINT WARNING * * *
You feel sick.
* * * LOW HITPOINT WARNING * * *
You feel sick.
It was a potion of degeneration.
There was something very wrong with that liquid.
You feel weakened.
You feel dopey.
You feel clumsy.
* * * LOW HITPOINT WARNING * * *
You feel sick.
You die...

# #..##...#.#
##.##...#.#
..#...#.#
#.#...#.#######
#.............#####
##+####.#.........#
#.#.........#
#.#.........#
#.#..@......#
#.#####+##### #.#
#..


There were no monsters in sight!

Vanquished Creatures
  6 adders
  3 worms
  2 dart slugs (D:1)
  4 leopard geckos
  3 ball pythons
  6 bats (D:1)
  2 giant cockroaches
  4 goblins
  4 hobgoblins (D:1)
  11 kobolds
  A quokka (D:3)
  2 frilled lizards (D:1)
  5 rats
53 creatures vanquished.

Notes
Turn   | Place    | Note
-------+----------+-------------------------------------------
     0 | D:1      | iamserjio the Tengu Fire Elementalist began the quest for the Orb.
     0 | D:1      | Reached XP level 1. HP: 10/10 MP: 4/4
    26 | D:1      | Reached skill level 2 in Conjurations
    57 | D:1      | Reached XP level 2. HP: 13/15 MP: 0/6
   107 | D:1      | Reached skill level 3 in Conjurations
   188 | D:1      | Reached XP level 3. HP: 13/19 MP: 1/7
   190 | D:1      | Reached skill level 4 in Conjurations
   603 | D:2      | Reached XP level 4. HP: 21/24 MP: 1/8
   762 | D:3      | Found an opulent altar of Gozag.
   810 | D:3      | Gained mutation: You can fly. [Tengu growth]
   810 | D:3      | Reached XP level 5. HP: 4/28 MP: 0/10
   814 | D:3      | HP: 1/28 [poisoned by an adder]
   815 | D:3      | Succumbed to an adder's poison

Vault maps used:
D:1:      dpeg_arrival_rooms_c, minmay_misc_feat_nine_boxes
D:3:      grunt_gozag_statues, grunt_dithmenos_smoke, first_ration

Skill      XL: |  1  2  3  4 |
---------------+-------------+-----
Conjurations   | 2 3 4 |  4.5
Spellcasting   | 3 |  3.1
Dodging        | |  2.1
Stealth        | |  2.0
Fire Magic     | |  3.8

Action                   |  1- 3 |  4- 6 || total
-------------------------+-------+-------++-------
Melee: Unarmed           |     1 |       ||     1
       Dagger            |    26 |     9 ||    35
       Kick              |     5 |     4 ||     9
       Peck              |     5 |       ||     5
 Cast: Flame Tongue      |    52 |    21 ||    73
  Use: Potion            |     1 |     1 ||     2
 Stab: Sleeping          |       |     1 ||     1
  Eat: Chunk             |       |     1 ||     1
Armor: Robe              |     9 |     3 ||    12
Dodge: Dodged            |    39 |     9 ||    48

Table legend:
 A = Spawn XP
 B = Non-spawn XP
 C = Spawn XP percentage of total XP
 D = Spawn monster count
 E = Non-spawn monster count
 F = Spawn count percentage of total count
 G = Total turns spent on level
                    A         B        C        D         E        F      G
               +---------+---------+-------+---------+---------+-------+---------
         Total |       0 |     176 |   0.0 |       0 |      53 |   0.0 |   815
               +---------+---------+-------+---------+---------+-------+---------
           D:1 |       0 |      60 |   0.0 |       0 |      31 |   0.0 |   355
           D:2 |       0 |      50 |   0.0 |       0 |      12 |   0.0 |   313
           D:3 |       0 |      66 |   0.0 |       0 |      10 |   0.0 |   147
               +---------+---------+-------+---------+---------+-------+---------
